 Dungeon Crawl Stone Soup version 0.26.0-7-g794d0892b4 (webtiles) character file.

Game seed: 10959324291746884417

13188 Destapler the Fighter (level 11, 0/109 HPs)
             Began as a Palentonga Fighter on Jan 11, 2021.
             Was an Elder of Wu Jian.
             Slain by a two-headed ogre
             ... wielding a +0 giant spiked club
              (8 damage)
             ... on level 12 of the Dungeon.
             The game lasted 00:38:29 (11218 turns).

Destapler the Fighter (Palentonga Fighter)         Turns: 11218, Time: 00:38:30

Health: 0/109      AC: 20    Str: 21      XL:     11   Next: 72%
Magic:  11/11      EV: 13    Int:  9      God:    Wu Jian [****..]
Gold:   562        SH: 10    Dex: 10 (11) Spells: 10/10 levels left

rFire    + . .     SeeInvis +   Q - +6 mace of the Queen {elec, rF+}
rCold    . . .     Faith    .   c - +0 kite shield
rNeg     . . .     Spirit   .   M - +0 troll leather armour
rPois    .         Reflect  .   v - +0 helmet
rElec    .         Harm     .   E - +1 cloak
rCorr    .         Rampage  .   (no gloves)
Will     .....                  (no barding)
Stlth    +.........             O - amulet of regeneration
HPRegen  1.08/turn              r - +4 ring of evasion
MPRegen  0.12/turn              g - +4 ring of protection

@: slowed, curled up, very slow
A: large, rugged brown scales 3, see invisible, deformed body, roll 1, armoured
tail, reflexive curl
a: Rolling Charge, Renounce Religion, Wall Jump, Serpent's Lash


You were on level 12 of the Dungeon.
You worshipped Wu Jian.
Wu Jian was greatly pleased with you.
You visited 2 branches of the dungeon, and saw 13 of its levels.

You collected 752 gold pieces.
You spent 190 gold pieces at shops.

Inventory:

Hand Weapons
 a - a +1 hand axe of electrocution
 Q - the +6 mace of the Queen (weapon) {elec, rF+}
   (You found it on level 10 of the Dungeon)

   Occasionally, upon striking a foe, it can discharge electrical energy and
   cause terrible harm.
   It protects you from fire.
Missiles
 q - a throwing net
 t - 3 silver boomerangs
 w - 23 poisoned darts
 L - 4 boomerangs
Armour
 b - a +0 scale mail
 c - a +0 kite shield (worn)
 p - a scarf of repulsion
 v - a +0 helmet (worn)
 E - a +1 cloak (worn)
 M - a +0 troll leather armour (worn)
Jewellery
 d - an uncursed ring of flight
 g - a +4 ring of protection (right hand)
 r - a +4 ring of evasion (left hand)
 N - an uncursed ring of stealth
 O - an amulet of regeneration (around neck)
 S - an uncursed ring of magical power
 T - an uncursed amulet of magic regeneration
Wands
 z - a wand of paralysis (11)
 C - a wand of polymorph (4)
 D - a wand of disintegration (13)
 F - a wand of acid (13)
 V - a wand of enslavement (5)
Scrolls
 e - 2 scrolls of teleportation {unknown}
 f - 6 scrolls of remove curse
 n - 4 scrolls of identify
 u - 6 scrolls of enchant weapon {unknown}
 y - a scroll of fear {unknown}
 A - 4 scrolls of magic mapping {unknown}
 G - 2 scrolls of enchant armour {unknown}
 H - a scroll of fog {unknown}
 P - 2 scrolls of blinking {unknown}
 W - a scroll of amnesia {unknown}
Potions
 h - 2 potions of lignification
 i - a potion of cancellation {unknown}
 k - 2 potions of haste
 l - 2 potions of flight
 m - 4 potions of mutation {unknown}
 s - 2 potions of invisibility
 x - a potion of brilliance {unknown}
 B - 4 potions of resistance
 I - 2 potions of attraction {unknown}
 J - 2 potions of berserk rage {unknown}
 K - a potion of degeneration {unknown}
 R - a potion of experience {unknown}
 U - a potion of might
Miscellaneous
 X - a tin of tremorstones (2/2)


   Skills:
 + Level 11.4 Fighting
 - Level 10.2(10.7) Axes
 + Level 5.2(8.4) Maces & Flails
 - Level 3.0 Throwing
 - Level 4.0 Armour
 - Level 3.0 Dodging
 - Level 6.0 Shields
 - Level 4.0 Evocations


You had 10 spell levels left.
You didn't know any spells.
Your spell library contained the following spells:

 Spells                   Type           Power        Failure   Level
 Animate Skeleton         Necr           0%           65%         1
 Apportation              Tloc           0%           65%         1
 Corona                   Hex            0%           65%         1
 Freeze                   Ice            0%           65%         1
 Summon Small Mammal      Summ           0%           65%         1
 Frozen Ramparts          Ice            0%           95%         3
 Ozocubu's Armour         Ice            0%           95%         3
 Hailstorm                Conj/Ice       0%           100%        4
 Summon Ice Beast         Ice/Summ       0%           100%        4


Dungeon Overview and Level Annotations

Branches:
Dungeon (12/15)            Temple (1/1) D:7            Lair (0/6) D:9
    Orc (0/2) D:9

Altars:
Ashenzari
Cheibriados
Dithmenos
Elyvilon
Fedhas
Gozag
Hepliaklqana
Kikubaaqudgha
Makhleb
Nemelex Xobeh
Okawaru
Qazlal
Ru
Sif Muna
Trog
Uskayaw
Vehumet
Wu Jian
Xom
Yredelemnul
Zin
The Shining One

Shops:
D:8 [


Innate Abilities, Weirdness & Mutations

You are completely covered in rugged brown scales. (AC +3, +7% HP)
You have supernaturally acute eyesight. (SInv)
Armour fits poorly on your strangely shaped body.
You can roll at nearby foes to attack.
You have a long armoured tail.
You curl defensively after being hit.


Message History

The hornet closely misses you. The orc wizard casts a spell at you.
The magic dart hits you.
* * * LOW HITPOINT WARNING * * *
The hornet closely misses you.
The orc wizard gestures at you while chanting.
The magic dart hits you but does no damage.
The two-headed ogre barely misses you.
The two-headed ogre hits you with a +0 dire flail.
* * * LOW HITPOINT WARNING * * *
You feel better. You block the hornet's attack.
The orc wizard points at you and mumbles some strange words.
The magic dart hits you.
* * * LOW HITPOINT WARNING * * *
The hornet stings you.
* * * LOW HITPOINT WARNING * * *
You feel as though you will be slow longer.
You block the two-headed ogre's attack.
The two-headed ogre hits you with a +0 dire flail!
You die...

........................
........................#
..#######...###.........#
..# #.>.# #.........# ..#
#...# #.........# ..#
#(..# #.o.......# ..#
#...# #.........# ..#
#...# #.).......# ..#
#...# #.@y......# ..#
#...# #..O...../# ..#
#....$....# ..#
#.........# #.........#
#.........# #.........#
#.........# #.....?...#


You could see a two-headed ogre, a hornet and an orc wizard (fast).

Vanquished Creatures
  An ettin (D:11)
  3 two-headed ogres
  2 ugly things
  2 cyclopes
  3 trolls (D:9)
  A hornet (D:10)
  5 yaks (D:9)
  A water moccasin (D:10)
  A soldier ant (D:10)
  2 sky beasts
  9 orc warriors
  A black bear (D:7)
  A necrophage (D:9)
  4 phantoms
  An eye of draining (D:9)
  An ice beast (D:7)
  2 wolves (D:9)
  4 ogres
  7 centaurs
  8 bullfrogs
  A gnoll sergeant (D:11)
  A wyvern zombie (D:12)
  6 scorpions
  20 killer bees
  4 wights (D:11)
  3 electric eels (D:9)
  A bullfrog zombie (D:2)
  A lava snake (D:11)
  2 quasits
  2 jellies
  9 hounds
  14 orc priests
  A bullfrog skeleton (D:4)
  20 orc wizards
  3 centaur skeletons
  3 iguanas
  8 worker ants
  2 howler monkey zombies
  A worker ant zombie (D:9)
  3 gnolls (D:2)
  11 adders
  3 shadow imps
  4 white imps
  An ooze (D:2)
  An adder skeleton (D:9)
  2 worms
  4 dart slugs
  3 leopard geckos
  63 orcs
  3 ball pythons
  5 bats
  6 giant cockroaches
  8 goblins
  10 hobgoblins
  13 jackals
  A quokka (D:7)
  4 frilled lizards
  3 kobolds
  A leopard gecko skeleton (D:8)
  11 rats
321 creatures vanquished.

Notes
Turn   | Place    | Note
-------+----------+-------------------------------------------
     0 | D:1      | Destapler the Palentonga Fighter began the quest for the
                  | Orb.
     0 | D:1      | Reached XP level 1. HP: 20/20 MP: 1/1
   287 | D:1      | Reached XP level 2. HP: 23/27 MP: 2/2
   604 | D:1      | Reached XP level 3. HP: 33/33 MP: 3/3
   794 | D:2      | Reached XP level 4. HP: 40/40 MP: 4/4
  1005 | D:2      | Found an opulent altar of Gozag.
  1102 | D:2      | Reached XP level 5. HP: 48/49 MP: 5/5
  1590 | D:3      | Found a broken altar of Ashenzari.
  1821 | D:3      | Found an iron altar of Okawaru.
  2185 | D:4      | Found a stormy altar of Qazlal.
  2186 | D:4      | Found an ancient bone altar of Kikubaaqudgha.
  2186 | D:4      | Found a hide-covered altar of Uskayaw.
  2186 | D:4      | Found a bloodstained altar of Trog.
  2205 | D:4      | Reached skill level 4 in Fighting
  2549 | D:4      | Reached XP level 6. HP: 41/55 MP: 6/6
  2916 | D:4      | Reached skill level 1 in Throwing
  2921 | D:4      | Reached skill level 1 in Dodging
  2921 | D:4      | Gained mutation: You curl defensively after being hit.
                  | [Palentonga growth]
  2921 | D:4      | Reached XP level 7. HP: 51/64 MP: 7/7
  3168 | D:5      | Entered Level 5 of the Dungeon
  3248 | D:5      | Found a broken altar of Ashenzari.
  3411 | D:5      | Found a burning altar of Makhleb.
  3704 | D:5      | Reached skill level 1 in Evocations
  4026 | D:5      | Reached XP level 8. HP: 65/71 MP: 8/8
  4091 | D:5      | Reached skill level 5 in Fighting
  4918 | D:6      | Reached skill level 5 in Axes
  5471 | D:7      | Found a staircase to the Ecumenical Temple.
  5483 | Temple   | Entered the Ecumenical Temple
  5490 | Temple   | Became a worshipper of the Wu Jian Council
  5540 | D:7      | Reached skill level 5 in Shields
  5540 | D:7      | Reached XP level 9. HP: 64/80 MP: 9/9
  6424 | D:8      | Reached skill level 6 in Fighting
  7285 | D:8      | Reached * piety under Wu Jian
  7366 | D:8      | Found a white marble altar of Elyvilon.
  7567 | D:8      | Found Hyaschadd's Antique Armour Emporium.
  7575 | D:8      | Bought a distressingly furry kite shield for 190 gold
                  | pieces
  7585 | D:8      | Identified the cursed +0 kite shield of Gairoc {*Contam rF+
                  | Str+4} (You bought it in a shop on level 8 of the Dungeon)
  7653 | D:9      | Noticed a cyclops
  7696 | D:9      | Noticed a two-headed ogre
  7737 | D:8      | Killed a two-headed ogre
  7738 | D:8      | Reached skill level 7 in Fighting
  8188 | D:9      | Noticed a troll
  8193 | D:9      | Killed a troll
  8194 | D:9      | Reached XP level 10. HP: 87/92 MP: 10/10
  8308 | D:9      | Reached skill level 8 in Fighting
  8473 | D:9      | Reached ** piety under Wu Jian
  8663 | D:9      | Killed a cyclops
  8664 | D:9      | Reached skill level 9 in Fighting
  8826 | D:9      | Found a staircase to the Lair.
  9269 | D:9      | Reached *** piety under Wu Jian
  9300 | D:9      | Found a staircase to the Orcish Mines.
  9421 | D:10     | Entered Level 10 of the Dungeon
  9484 | D:10     | Paralysed by a hornet for 3 turns
  9492 | D:10     | Reached XP level 11. HP: 64/105 MP: 11/11
  9508 | D:10     | Noticed a two-headed ogre
  9568 | D:9      | Killed a two-headed ogre
  9569 | D:9      | Reached skill level 10 in Fighting
  9569 | D:9      | Reached skill level 10 in Axes
  9767 | D:10     | Got a crystal mace
 10211 | D:10     | Identified the +6 mace of the Queen {elec, rF+} (You found
                  | it on level 10 of the Dungeon)
 10289 | D:11     | Reached skill level 1 in Maces & Flails
 10331 | D:11     | Found an ancient bone altar of Kikubaaqudgha.
 10354 | D:11     | Noticed an ettin
 10388 | D:11     | Noticed a purple ugly thing
 10402 | D:11     | Killed a purple ugly thing
 10645 | D:11     | Reached **** piety under Wu Jian
 10826 | D:11     | Killed an ettin
 10827 | D:11     | Reached skill level 11 in Fighting
 10955 | D:12     | Noticed a purple ugly thing
 10972 | D:12     | Killed a purple ugly thing
 11058 | D:12     | Noticed a two-headed ogre
 11067 | D:12     | Killed a two-headed ogre
 11094 | D:12     | Reached skill level 5 in Maces & Flails
 11205 | D:12     | Noticed a two-headed ogre
 11212 | D:12     | Paralysed by a hornet for 1 turns
 11214 | D:12     | HP: 3/109 [two-headed ogre/+0 giant spiked club (4)]
 11216 | D:12     | HP: 1/109 [hornet (8)]
 11218 | D:12     | Slain by a two-headed ogre

Illustrated notes

Levels and vault maps discovered:
D:1:      dpeg_arrival_shrine, layout_loops_cross, minmay_misc_feat_x,
          chequers_serial_rivers_large_b
D:2:      layout_loops_ring, nicolae_gozag_seed_capital
D:3:      layout_loops_ring, kennysheep_okawaru_gauntlet,
          nicolae_ashenzari_panopticon
D:4:      layout_basic, chequers_temple_overflow_statue_of_worship
D:5:      layout_rooms, overflow_temple_1_default, serial_co_window_serial,
          co_window_paths_b, co_window_paths_a, co_window_cross_1,
          co_window_of_opportunity_a, co_window_paths_b, co_window_corner_cb,
          co_window_of_opportunity_b, co_window_paths_c, co_window_broadway_a,
          co_window_unsneaky_path_a, co_window_paths_e, co_window_4corner_b,
          basic_altar, grunt_ministairs_3
D:6:      layout_rooms
D:7:      layout_basic, minmay_temple_entry_sparse_star
D:8:      layout_rooms, basic_altar, serial_shops, shop, abandoned_shop
D:9:      layout_loops_ring, erik_lair_island, hiddenorc1_lemuel
D:10:     layout_loops_ring
D:11:     layout_cave_pools, basic_altar, serial_column_ruins,
          column_ruins_square_medium, column_ruins_grid_1,
          column_ruins_open_large, column_ruins_open_medium,
          column_ruins_open_small_water, column_ruins_grid_1,
          column_ruins_grid_1, kennysheep_island_fort
D:12:     layout_long_grid, uniq_erolcha
Temple:   nicolae_temple_no_exploring_needed

Skill      XL: |  1  2  3  4  5  6  7  8  9 10 11 |
---------------+----------------------------------+-----
Armour         | 3 4 |  4.0
Shields        | 3 4 5 6 |  6.0
Axes           | 3 4 5 7 9 10 | 10.2
Fighting       | 4 5 7 9 11 | 11.4
Throwing       | 1 2 3 |  3.0
Dodging        | 1 2 3 |  3.0
Evocations     | 1 3 4 |  4.0
Maces & Flails | 5 |  5.2

Action                   |  1- 3 |  4- 6 |  7- 9 | 10-12 || total
-------------------------+-------+-------+-------+-------++-------
Melee: War axe           |    65 |    58 |       |       ||   123
       Tailslap          |     5 |    13 |    43 |    74 ||   135
       Hand axe          |       |    76 |   333 |   356 ||   765
       Mace              |       |       |       |   169 ||   169
Throw: Dart              |       |     3 |       |       ||     3
       Boomerang         |       |     3 |       |       ||     3
Invok: Whirlwind         |       |       |     1 |    14 ||    15
       Lunge             |       |       |       |     3 ||     3
 Abil: Rolling Charge    |    21 |    43 |    57 |    71 ||   192
       Wall Jump         |       |       |       |     8 ||     8
Evoke: Wand              |       |       |       |     4 ||     4
  Use: Scroll            |       |       |     7 |     1 ||     8
       Potion            |       |       |     3 |     5 ||     8
Armor: Scale mail        |    39 |    54 |   213 |       ||   306
       Troll leather arm |       |       |       |    98 ||    98
Dodge: Dodged            |    14 |    25 |   181 |   212 ||   432
       Repelled          |       |       |     1 |       ||     1
Block: Buckler           |    13 |    21 |    27 |       ||    61
       Kite shield       |       |       |   118 |   217 ||   335
